 Dungeon Crawl Stone Soup version 0.23.1 (webtiles) character file.

Game seed: 3713544064440071454

17 Kairos the Sneak (level 2, 0/13 HPs)
             Began as a Vine Stalker Enchanter on Mar 11, 2019.
             Slain by a jackal (1 damage)
             ... on level 1 of the Dungeon.
             The game lasted 00:00:27 (221 turns).

Kairos the Sneak (Vine Stalker Enchanter)            Turns: 221, Time: 00:00:28

Health: 0/13       AC:  2    Str: 10    XL:     2   Next: 62%
Magic:  0/6        EV: 12    Int: 15    God:
Gold:   39         SH:  0    Dex: 14    Spells: 4/5 levels left

rFire    . . .     SeeInvis .   a - +1 dagger
rCold    . . .     Gourm    .   (no shield)
rNeg     . . .     Faith    .   b - +0 robe
rPois    .         Spirit   +   (no helmet)
rElec    .         Reflect  .   (no cloak)
rCorr    .         Harm     .   (no gloves)
MR       .....                  (no boots)
Stlth    +++.......             (no amulet)
HPRegen  0.04/turn              (no ring)
MPRegen  0.10/turn              (no ring)

@: no status effects
A: fangs 2, magic shield, antimagic bite, no potion heal 3, rot immunity
a: no special abilities


You were on level 1 of the Dungeon.
You were not hungry.

You visited 1 branch of the dungeon, and saw 1 of its levels.

You collected 39 gold pieces.

Inventory:

Hand Weapons
 a - a +1 dagger (weapon)
Armour
 b - a +0 robe (worn)
Scrolls
 c - a scroll of noise {unknown}
 e - a scroll of remove curse {unknown}
Comestibles
 d - a ration


   Skills:
 + Level 1.0 Short Blades
 + Level 1.7 Dodging
 + Level 4.1 Stealth
 + Level 2.2 Spellcasting
 + Level 3.3 Hexes


You had 4 spell levels left.
You knew the following spells:

 Your Spells              Type           Power        Failure   Level  Hunger
a - Corona                Hex            ##.....      5%          1    #......

Your spell library contained the following spells:

 Spells                   Type           Power        Failure   Level  Hunger
 Ensorcelled Hibernation  Hex/Ice        #.....       17%         2    ###....
 Confuse                  Hex            ##......     17%         3    ###....
 Tukima's Dance           Hex            ##......     17%         3    ###....
 Dazzling Spray           Conj/Hex       #.....       32%         3    ###....


Dungeon Overview and Level Annotations

Branches:
Dungeon (1/15)

Altars:


Innate Abilities, Weirdness & Mutations

You have extremely sharp teeth.
When hurt, damage is shared between your health and your magic reserves.
Your bite disrupts and absorbs the magic of your enemies.
Potions cannot restore your health.
You are immune to rotting.


Message History

* * * LOW HITPOINT WARNING * * *
The jackal bites you.
* * * LOW HITPOINT WARNING * * *
The jackal bites you.
The jackal bites you but does no damage.
The jackal closely misses you.
Things that are here:
a goblin corpse; a bat corpse The jackal barely misses you.
The jackal bites you.
* * * LOW HITPOINT WARNING * * *
The jackal completely misses you.
The jackal bites you but does no damage.
The jackal misses you.
Things that are here:
a +0 dagger; a +0 club You closely miss the jackal.
The jackal bites you.
You hit the jackal. You bite the jackal.
You kill the jackal!
You closely miss the jackal. The jackal bites you.
You die...

#..##.....# .............#
#...'..<..# (...........#
#..##.....## #...##......#
#..######### ###...##......#
##..######### ......#.......#
#............ ......#.......#
#####..(####..##.
......#.......###..........)..##.
.....†.........h@..........).....
......#.#.....###.....#....(.....
....[.#.#.....# ####.###.###.#.#.
......#......(# ##.## ##....#.#.
##########.#### #.## ##.###.##
#.# ##.## ##.## #.. #.# ###
##.###.## ### #.###.######.#.##
##.#........##


You could see a jackal.

Vanquished Creatures
  A dart slug (D:1)
  A giant cockroach (D:1)
  2 goblins (D:1)
  2 hobgoblins (D:1)
  A jackal (D:1)
  3 kobolds (D:1)
  2 bats (D:1)
  2 rats (D:1)
14 creatures vanquished.

Notes
Turn   | Place    | Note
-------+----------+-------------------------------------------
     0 | D:1      | Kairos the Vine Stalker Enchanter began the quest for the
                  | Orb.
     0 | D:1      | Reached XP level 1. HP: 9/9 MP: 4/4
    81 | D:1      | Reached skill level 4 in Stealth
    81 | D:1      | Reached XP level 2. HP: 4/13 MP: 1/6
   206 | D:1      | Reached skill level 1 in Short Blades
   221 | D:1      | Slain by a jackal

Skill      XL: |  1  2 |
---------------+-------+-----
Stealth        | 4 |  4.1
Short Blades   | 1 |  1.0
Dodging        | |  1.7
Spellcasting   | |  2.2
Hexes          | |  3.3

Action                   || total
-------------------------++-------
Melee: Dagger            ||    46
       Bite              ||    10
 Stab: Sleeping          ||     1
Armor: Robe              ||    10
Dodge: Dodged            ||    36
